 Dungeon Crawl Stone Soup version 0.29.0-4-gdea44cf6ec (webtiles) character file.

Game seed: 2289341743236268203

1026 qw the Chopper (level 8, -3/55 (60) HPs)
             Began as a Demonspawn Cinder Acolyte on Sept 9, 2022.
             Was a High Priest of Ignis.
             Slain by a wight
             ... wielding a +2 halberd
              (5 damage)
             ... on level 6 of the Dungeon.
             The game lasted 00:02:00 (6302 turns).

qw the Chopper (Demonspawn Cinder Acolyte)          Turns: 6302, Time: 00:02:00

HP:   -3/55 (60)    AC: 18    Str: 17    XL:     8   Next: 2%
MP:   9/9           EV:  9    Int: 15    God:    Ignis [*****.]
Gold: 261           SH:  5    Dex: 15    Spells: 9/9 levels left

rFire   + . .      SeeInvis .   Y - +0 war axe
rCold   . . .      Faith    .   (no shield)
rNeg    . . .      Spirit   .   g - +0 plate armour
rPois   .          Reflect  +   (helmet restricted)
rElec   .          Harm     .   (no cloak)
rCorr   .          Rampage  .   (no gloves)
Will    +....                   (no boots)
Stlth   ..........              d - amulet of reflection
HPRegen 0.18/turn               i - ring of willpower
MPRegen 0.11/turn               k - +6 ring of dexterity

@: fiery-armoured, drained, repel missiles
A: antennae 2, repulsion field 3, spiny 1
a: Renounce Religion, Fiery Armour, Foxfire Swarm, Rising Flame


You were on level 6 of the Dungeon.
You worshipped Ignis.
Ignis was extremely pleased with you.
You visited 1 branch of the dungeon, and saw 6 of its levels.

You collected 261 gold pieces.


Innate Abilities, Weirdness & Mutations

You have a pair of antennae on your head.
You are surrounded by a strong repulsion field. (EV +4, RMsl)
You are partially covered in sharp spines.


   Skills:
 - Level 4.1 Fighting
 - Level 7.5 Axes
 + Level 0.0 Throwing
 - Level 2.9 Armour
 - Level 2.3 Dodging
 - Level 1.0 Spellcasting
 - Level 2.6 Fire Magic


You had 9 spell levels left.
You didn't know any spells.
Your spell library contained the following spells:

 Spells                   Type           Power      Damage    Failure   Level
 Scorch                   Fire           16%        2d6       99%         2

Inventory:

Hand Weapons
 e - a +0 hand axe of flaming
 Y - a +0 war axe (weapon)
Missiles
 m - 4 boomerangs (quivered)
Armour
 g - a +0 plate armour (worn)
Jewellery
 d - an amulet of reflection (around neck)
 i - a ring of willpower (left hand)
 k - a +6 ring of dexterity (right hand)
Scrolls
 c - 2 scrolls of teleportation
 n - a scroll of identify
Potions
 b - a potion of mutation
 f - 2 potions of heal wounds
 j - a potion of attraction {unknown}
 l - a potion of cancellation {unknown}

Dungeon Overview and Level Annotations

Branches:
Dungeon (6/15)             Temple (0/1) D:4

Altars:
Ashenzari
Dithmenos
Nemelex Xobeh
Okawaru
Qazlal
Ru
Sif Muna
Vehumet
Wu Jian
Xom
Yredelemnul


Message History

6291 ||| Stepping ~*~*~tactically~*~*~ (hiding).
6292 ||| Stepping ~*~*~tactically~*~*~ (stealth).
You start waiting.
There are monsters nearby!
You slash the wight!
The wight is heavily damaged.
The wight hits you from afar with a +2 halberd.
The wight barely misses you.
You slash the wight!
You destroy the wight!
The wight barely misses you.
You have reached level 8!
You feel stronger.
Your demonic ancestry asserts itself...
Sharp spines emerge from parts of your body.
You block the wight's attack.
You hit the wight but do no damage. The wight hits you but does no damage.
You hit the wight.
The wight is heavily damaged.
The wight hits you but does no damage. The wight hits you with a +2 halberd.
You feel drained.
You closely miss the wight.
The wight is heavily damaged.
You closely miss the wight. The wight is struck by your spines.
The wight hits you with a +2 halberd!
You feel drained. The wight hits you with a +5 hand axe!
6301 ||| INVOKING Fiery Armour.
A protective cloak of flame settles atop you.
The wight misses you. The wight is struck by your spines.
The wight hits you but does no damage.
The wight is burned by your cloak of flames.
The wight is heavily damaged.
You hit the wight.
The wight is severely damaged.
You hit the wight but do no damage. The wight hits you with a +5 hand axe!
The wight is burned by your cloak of flames.
The wight is heavily damaged.
The wight hits you with a +2 halberd!
You feel drained.
You die...

.. ..###. #######
...... .......
##....... .......
.........###.......
...........#.......
...........#.......
.......##..#.......
.......##.)@z......
.......#<...z......
#.....#.........
##..<.#.......#.
###....>.....#
......#$....#
........###..##
#......### #.#
##...... ..


You could see 2 wights.

Vanquished Creatures
  Prince Ribbit (D:5)
  An ice beast (D:4)
  A black bear (D:4)
  A centaur (D:5)
  A scorpion (D:5)
  A wight (D:6)
  A jelly (D:4)
  4 hounds
  2 iguanas (D:5)
  Ijyb (D:4)
  12 adders
  2 shadow imps
  An ufetubus (D:4)
  4 worms
  4 dart slugs
  5 orcs
  8 ball pythons
  9 endoplasms
  7 giant cockroaches
  7 goblins
  5 hobgoblins
  4 quokkas
  7 bats
  4 frilled lizards
  12 kobolds
  2 rats
107 creatures vanquished.

Vanquished Creatures (others)
  A fungus (D:3)
1 creature vanquished.

Grand Total: 108 creatures vanquished

Notes
Turn   | Place    | Note
-------+----------+-------------------------------------------
     0 | D:1      | qw the Demonspawn Cinder Acolyte began the quest for the
                  | Orb.
     0 | D:1      | Reached XP level 1. HP: 18/18 MP: 2/2
     0 | D:1      | 0 ||| qw: Version: 0.1-a-113-g051387a
     0 | D:1      | 0 ||| qw: Game counter: 7197
     0 | D:1      | 0 ||| qw: Always use a shield: true
     0 | D:1      | 0 ||| qw: God list: Okawaru
     0 | D:1      | 0 ||| qw: Allow faded altars: false
     0 | D:1      | 0 ||| qw: Do Orc after D:15 true
     0 | D:1      | 0 ||| qw: Do second Lair branch before Depths: true
     0 | D:1      | 0 ||| qw: Lair rune preference: random
     0 | D:1      | 0 ||| qw: Plans: Normal
     0 | D:1      | 0 ||| PLANNING D:1-11
   216 | D:1      | Reached skill level 3 in Axes
   229 | D:1      | 229 ||| INVOKING Fiery Armour.
   777 | D:1      | Gained mutation: You have a pair of small antennae on your
                  | head. [demonic ancestry]
   777 | D:1      | Reached XP level 2. HP: 24/24 MP: 3/3
   778 | D:1      | 778 ||| Stepping ~*~*~tactically~*~*~ (hiding).
   851 | D:1      | 851 ||| Stepping ~*~*~tactically~*~*~ (stealth).
  1000 | D:1      | 1000 ||| Stepping ~*~*~tactically~*~*~ (hiding).
  1102 | D:1      | 1102 ||| Stepping ~*~*~tactically~*~*~ (hiding).
  1365 | D:1      | 1365 ||| Stepping ~*~*~tactically~*~*~ (hiding).
  1739 | D:1      | Gained mutation: You are surrounded by a mild repulsion
                  | field. (EV +2) [demonic ancestry]
  1739 | D:1      | Reached XP level 3. HP: 25/29 MP: 4/4
  1954 | D:1      | 1954 ||| UPGRADING to +0 ring mail.
  1964 | D:1      | 1964 ||| DROPPING +0 robe.
  1965 | D:1      | 1965 ||| UPGRADING to +0 plate armour.
  1975 | D:1      | 1975 ||| DROPPING +0 ring mail.
  1976 | D:1      | 1976 ||| UPGRADING to ring of willpower.
  1977 | D:1      | 1977 ||| UPGRADING to +6 ring of dexterity.
  1978 | D:1      | 1978 ||| READING scroll labelled XINUCL YCIL.
  1979 | D:1      | 1979 ||| READING scroll labelled XUIBLEGHEU.
  1980 | D:1      | 1980 ||| Stepping randomly (stuck).
  1981 | D:1      | 1981 ||| Stepping ~*~*~tactically~*~*~ (cloud).
  1988 | D:1      | HP: 7/29 [poisoned by you (poison gas)]
  2298 | D:2      | Found a sacrificial altar of Ru.
  2393 | D:2      | Found a faded altar of an unknown god.
  2400 | D:2      | Reached skill level 1 in Armour
  2406 | D:2      | Reached skill level 4 in Axes
  2470 | D:2      | You fall into a shaft and drop 2 floors!
  2534 | D:3      | Gained mutation: You are surrounded by a moderate repulsion
                  | field. (EV +3) [demonic ancestry]
  2534 | D:3      | Reached XP level 4. HP: 35/35 MP: 5/5
  2548 | D:3      | Found a shadowy altar of Dithmenos.
  2548 | D:3      | Found a sparkling altar of Nemelex Xobeh.
  2958 | D:2      | 2958 ||| Stepping ~*~*~tactically~*~*~ (stealth).
  2970 | D:2      | 2970 ||| Stepping ~*~*~tactically~*~*~ (stealth).
  2974 | D:2      | 2974 ||| Stepping ~*~*~tactically~*~*~ (stealth).
  2975 | D:2      | 2975 ||| Stepping ~*~*~tactically~*~*~ (stealth).
  2976 | D:2      | 2976 ||| Stepping ~*~*~tactically~*~*~ (stealth).
  2978 | D:2      | 2978 ||| Stepping ~*~*~tactically~*~*~ (stealth).
  2980 | D:2      | 2980 ||| Stepping ~*~*~tactically~*~*~ (stealth).
  2989 | D:2      | 2989 ||| INVOKING Fiery Armour.
  2998 | D:2      | 2998 ||| Stepping ~*~*~tactically~*~*~ (stealth).
  2999 | D:2      | 2999 ||| Stepping ~*~*~tactically~*~*~ (stealth).
  3008 | D:2      | 3008 ||| Stepping ~*~*~tactically~*~*~ (stealth).
  3600 | D:2      | 3600 ||| DROPPING ring of wizardry.
  3601 | D:2      | 3601 ||| READING scroll labelled RUVICVODWE.
  3602 | D:2      | 3602 ||| READING scroll labelled HIANGA SYXU.
  3603 | D:2      | 3603 ||| READING scroll labelled KASSOG ALO.
  3606 | D:2      | 3606 ||| READING scroll labelled IROHAG IMEUKOV.
  3748 | D:2      | 3748 ||| READING 3 scrolls labelled PAFOCI COITT.
  3749 | D:2      | 3749 ||| DRINKING 2 clear potions.
  3750 | D:2      | 3750 ||| DRINKING 2 fizzy dark potions.
  3751 | D:2      | 3751 ||| READING 2 scrolls of identify.
  3751 | D:2      | 3751 ||| IDENTIFYING dark potion
  3752 | D:2      | 3752 ||| DROPPING potion of degeneration.
  3816 | D:3      | Found a shimmering altar of Xom.
  3849 | D:3      | 3849 ||| SWAPPING to +0 war axe.
  3950 | D:3      | 3950 ||| Stepping ~*~*~tactically~*~*~ (stealth).
  4027 | D:3      | Found an ornate altar of the Wu Jian Council.
  4028 | D:3      | Found a stormy altar of Qazlal.
  4030 | D:3      | Found a broken altar of Ashenzari.
  4034 | D:3      | Found an iron altar of Okawaru.
  4231 | D:3      | 4231 ||| READING scroll labelled ZUTESOYNUTZ.
  4232 | D:3      | 4232 ||| READING scroll labelled TAOCKA SIUTERO.
  4253 | D:4      | Noticed Ijyb
  4255 | D:4      | 4255 ||| Stepping ~*~*~tactically~*~*~ (hiding).
  4263 | D:4      | 4263 ||| DRINKING potion of curing.
  4263 | D:4      | 4263 ||| (to cure confusion)
  4270 | D:4      | Gained mutation: You are surrounded by a strong repulsion
                  | field. (EV +4, RMsl) [demonic ancestry]
  4270 | D:4      | Reached XP level 5. HP: 37/41 MP: 6/6
  4271 | D:4      | Killed Ijyb
  4272 | D:4      | Reached skill level 5 in Axes
  4314 | D:4      | Noticed an ice beast
  4315 | D:4      | 4315 ||| Stepping ~*~*~tactically~*~*~ (stealth).
  4316 | D:4      | 4316 ||| Stepping ~*~*~tactically~*~*~ (stealth).
  4317 | D:4      | 4317 ||| Stepping ~*~*~tactically~*~*~ (stealth).
  4319 | D:4      | 4319 ||| Stepping ~*~*~tactically~*~*~ (stealth).
  4334 | D:4      | Killed an ice beast
  4335 | D:4      | Reached XP level 6. HP: 32/47 MP: 7/7
  4616 | D:4      | 4616 ||| Stepping ~*~*~tactically~*~*~ (hiding).
  4638 | D:4      | Found a staircase to the Ecumenical Temple.
  4690 | D:4      | Found a shimmering blue altar of Sif Muna.
  4853 | D:4      | Found a basalt altar of Yredelemnul.
  5083 | D:4      | 5083 ||| UPGRADING to amulet of reflection.
  5088 | D:4      | 5088 ||| READING scroll labelled YCZOIX REPA.
  5089 | D:4      | 5089 ||| READING 3 scrolls of identify.
  5089 | D:4      | 5089 ||| IDENTIFYING fuming purple potion
  5090 | D:4      | 5090 ||| READING 2 scrolls of identify.
  5090 | D:4      | 5090 ||| IDENTIFYING bubbling purple potion
  5091 | D:4      | 5091 ||| DROPPING potion of lignification.
  5114 | D:5      | Entered Level 5 of the Dungeon
  5117 | D:5      | 5117 ||| STAIRDANCE
  5125 | D:5      | 5125 ||| STAIRDANCE
  5132 | D:4      | Reached skill level 6 in Axes
  5132 | D:4      | Gained mutation: You have a pair of antennae on your head.
                  | [demonic ancestry]
  5132 | D:4      | Reached XP level 7. HP: 48/52 MP: 8/8
  5581 | D:5      | 5581 ||| Stepping ~*~*~tactically~*~*~ (stealth).
  5880 | D:5      | Found a radiant altar of Vehumet.
  5909 | D:5      | 5909 ||| Stepping ~*~*~tactically~*~*~ (stealth).
  6126 | D:5      | 6126 ||| READING scroll labelled LISTOC PIAN.
  6127 | D:5      | 6127 ||| READING 2 scrolls of identify.
  6127 | D:5      | 6127 ||| IDENTIFYING puce potion
  6128 | D:5      | 6128 ||| DROPPING potion of brilliance.
  6135 | D:6      | Noticed Prince Ribbit
  6138 | D:6      | 6138 ||| Stepping ~*~*~tactically~*~*~ (hiding).
  6142 | D:6      | 6142 ||| STAIRDANCE
  6159 | D:5      | Killed Prince Ribbit
  6160 | D:5      | Reached skill level 7 in Axes
  6282 | D:6      | 6282 ||| Stepping ~*~*~tactically~*~*~ (stealth).
  6290 | D:6      | 6290 ||| Stepping ~*~*~tactically~*~*~ (hiding).
  6291 | D:6      | 6291 ||| Stepping ~*~*~tactically~*~*~ (hiding).
  6292 | D:6      | 6292 ||| Stepping ~*~*~tactically~*~*~ (stealth).
  6297 | D:6      | Gained mutation: You are partially covered in sharp spines.
                  | [demonic ancestry]
  6297 | D:6      | Reached XP level 8. HP: 53/60 MP: 9/9
  6301 | D:6      | 6301 ||| INVOKING Fiery Armour.
  6302 | D:6      | HP: 2/57 [wight/+2 halberd (14)]
  6302 | D:6      | Slain by a wight

Levels and vault maps discovered:
D:1:      minmay_arrival_four_loops, layout_basic, minivault_26,
          chequers_decorated_corner
D:2:      layout_basic, basic_altar, serial_aquarium, aquarium_bridge_straight
          [aquarium_subvault_bridge, aquarium_subvault_wall,
          aquarium_subvault_bridge, aquarium_subvault_wall],
          aquarium_window_fake, aquarium_window_corridor_2, aquarium_view_2f,
          aquarium_view_2d, aquarium_balcony_double_3,
          shapermc_ecumenical_altar_starsandcircs
D:3:      layout_rooms, mainiacjoe_overflow_boulevard,
          mainiacjoe_overflow_alcove_3,
          chequers_temple_overflow_statue_of_worship, kennysheep_generic_room_2
D:4:      nicolae_BIG_FREAKIN_CUBE, layout_cave_pools,
          nicolae_overflow_crystal_walls, mainiacjoe_overflow_surrounded_room,
          roderic_roman_lattice, uniq_ijyb
D:5:      dreamdust_elfheim, layout_loops_ring, nicolae_vehumet_altar_sigil
D:6:      layout_cave_pools, kennysheep_generic_room_13, uniq_sigmund,
          uniq_menkaure, uniq_prince_ribbit1, uniq_duvessa

Skill      XL: |  1  2  3  4  5  6  7 |
---------------+----------------------+-----
Axes           | 3 4 5 6 7 |  7.5
Armour         | 1 2 |  2.9
Dodging        | 2 |  2.3
Fighting       | 4 |  4.1
Spellcasting   | |  1.0
Fire Magic     | |  2.6

Action                   |  1- 3 |  4- 6 |  7- 9 || total
-------------------------+-------+-------+-------++-------
Melee: Hand axe          |   121 |    49 |       ||   170
       War axe           |       |   120 |    86 ||   206
       Punch             |       |     3 |       ||     3
Throw: Boomerang         |       |    19 |    14 ||    33
Invok: Fiery Armour      |     1 |     1 |     1 ||     3
  Use: Scroll            |     2 |    11 |     2 ||    15
       Potion            |       |     3 |       ||     3
Armor: Robe              |    23 |       |       ||    23
       Plate armour      |    15 |   115 |    40 ||   170
Dodge: Dodged            |    58 |    89 |    38 ||   185
       Repelled          |       |     1 |       ||     1
Block: Other             |       |     6 |    19 ||    25

Table legend:
 A = Non-vault XP
 B = Vault XP
 C = Vault XP percentage of total XP
 D = Non-vault monster count
 E = Vault monster count
 F = Vault count percentage of total count
                 A         B        C        D         E       F
            +---------+---------+-------+---------+---------+-------
      Total |    1154 |     312 |  21.3 |     102 |       5 |   4.7
            +---------+---------+-------+---------+---------+-------
        D:1 |      41 |       0 |   0.0 |      22 |       0 |   0.0
        D:2 |      97 |       0 |   0.0 |      25 |       0 |   0.0
        D:3 |      45 |       6 |  11.8 |      12 |       3 |  20.0
        D:4 |     530 |      38 |   6.7 |      29 |       1 |   3.3
        D:5 |     356 |     268 |  42.9 |      12 |       1 |   7.7
        D:6 |      85 |       0 |   0.0 |       2 |       0 |   0.0
            +---------+---------+-------+---------+---------+-------
